Map: 월드 오브 슬리퍼스 - 래더

Players

llllllllllll (Oliveira)

  • Race: Terran Terran
  • League: Master
  • Spawn Location: 1:00

LiquidTaeJa (TaeJa) - Winner!

  • Race: Terran Terran
  • League: Master
  • Spawn Location: 7:00

Event: HomeStory Cup XX

VOD

Have the link to the VOD?

Description

Time

  • Played on: Nov. 21, 2019, 4:35 a.m.
  • Length: 14:29

All games in this series

Show
View Real Time Build Order
Export as new Build Order

llllllllllll Terran 

Build Orders: Reaper Expand 

Get SALT Encoding   

  12  0:00  SCV  
  13  0:12  SCV  
  14  0:17  Supply Depot  
  14  0:24  SCV  
  15  0:38  SCV  
  15  0:39  Barracks  
  16  0:43  Refinery  
  16  0:50  SCV  
  17  1:02  SCV  
  18  1:15  SCV  
  19  1:27  Orbital Command, Reaper  
  20  1:38  Command Center  
  20  1:45  Supply Depot  
  20  1:53  SCV  
  21  1:59  Marine  
  22  2:05  SCV  
  22  2:07  Factory  
  23  2:10  Refinery  
  23  2:16  Bunker  
  23  2:18  SCV  
  23  2:22  Barracks Reactor  
  24  2:30  SCV  
  25  2:43  SCV  
  26  2:49  Orbital Command  
  26  2:52  Hellion  
  26  2:53  Starport  
  26  2:55  SCV  
  29  2:59  Marine x2  
  30  3:07  SCV  
  31  3:15  Factory Tech Lab  
  31  3:16  Marine  
  31  3:17  Marine, SCV  
  33  3:20  SCV  
  34  3:31  SCV  
  35  3:34  Marine x2  
  35  3:36  SCV  
  35  3:38  Raven  
  35  3:40  Refinery, Factory Tech Lab  
  40  3:44  SCV  
  40  3:45  Supply Depot  
  41  3:50  SCV  
  41  3:52  Marine x2  
  44  3:56  SCV  
  44  4:02  SCV  
  46  4:07  Cyclone  
  46  4:08  Supply Depot  
  49  4:10  SCV  
  50  4:19  Command Center  
  50  4:22  SCV  
  50  4:23  Raven  
  53  4:26  SCV  
  53  4:29  Marine  
  53  4:31  Supply Depot  
  55  4:32  Marine  
  55  4:34  SCV  
  57  4:38  SCV  
  57  4:41  Siege Tank  
  61  4:46  SCV  
  61  4:50  Supply Depot  
  62  4:53  Marine x2, SCV  
  62  4:58  SCV  
  66  5:02  Supply Depot  
  66  5:07  SCV  
  66  5:10  SCV  
  66  5:12  Barracks  
  68  5:14  Starport Reactor, Siege Tank, Barracks  
  68  5:17  Marine  
  68  5:18  Stimpack  
  68  5:20  SCV  
  73  5:23  SCV  
  73  5:25  Supply Depot  
  73  5:31  Orbital Command  
  73  5:32  SCV  
  74  5:38  Engineering Bay x2  
  74  5:40  SCV  
  74  5:42  Marine  
  76  5:45  SCV  
  80  5:50  Refinery, Siege Tank  
  80  5:53  SCV  
  80  5:54  Orbital Command  
  81  5:59  Starport Reactor  
  81  6:01  Marine  
  81  6:02  Marine  
  83  6:05  Terran Infantry Armor Level 1, Terran Infantry Weapons Level 1  
  83  6:06  SCV  
  83  6:07  Marine x2  
  83  6:08  SCV  
  87  6:15  Marine  
  87  6:18  SCV  
  89  6:19  Marine  
  89  6:20  SCV  
  89  6:22  Siege Tank  
  89  6:23  SCV  
  95  6:26  Supply Depot  
  95  6:27  Marine  
  95  6:30  SCV  
  95  6:31  Marine  
  95  6:32  SCV  
  99  6:35  SCV  
  100  6:40  Medivac  
  100  6:42  SCV, Barracks  
  100  6:43  Medivac  
  100  6:44  Marine, Barracks  
  100  6:45  SCV  
  100  6:46  Marine  
  108  6:49  Marine  
  108  6:51  SCV  
  108  6:54  Marine x2, SCV, Supply Depot  
  111  6:57  Combat Shield  
  111  6:58  SCV  
  111  6:59  Siege Tank  
  116  7:02  Marine  
  117  7:09  Refinery, Supply Depot  
  117  7:10  Refinery, Supply Depot  
  117  7:14  Armory  
  117  7:15  Marine  
  117  7:16  SCV x3  
  117  7:18  Marine, Supply Depot  
  117  7:20  Marine  
  123  7:25  Medivac  
  125  7:30  Marine, SCV  
  125  7:31  Barracks Reactor x2, SCV  
  125  7:32  Supply Depot  
  125  7:33  Marine, Supply Depot  
  125  7:34  SCV  
  129  7:40  Marine  
  129  7:42  Sensor Tower, SCV  
  130  7:44  SCV  
  130  7:47  SCV  
  130  7:48  Medivac, Siege Tank  
  130  7:49  Marine x2  
  138  7:59  Marine x2  
  138  8:02  SCV  
  138  8:03  SCV  
  138  8:05  Terran Infantry Weapons Level 2  
  142  8:06  Command Center  
  142  8:11  Terran Infantry Armor Level 2  
  142  8:12  Marine  
  143  8:14  Marine  
  143  8:15  Marine  
  143  8:17  Terran Vehicle Weapons Level 1  
  143  8:18  Marine  
  143  8:19  Factory  
  146  8:20  Marine  
  146  8:21  SCV  
  146  8:25  Marine x2  
  146  8:27  SCV  
  151  8:30  Marine x2  
  151  8:32  Supply Depot  
  151  8:35  Siege Tank  
  152  8:45  Marine  
  152  8:46  Marine  
  152  8:47  Marine x2  
  135  8:50  SCV  
  135  8:51  Marine  
  135  8:55  Marine  
  132  8:57  Marine  
  132  8:58  Marine  
  132  8:59  SCV  
  132  9:01  Marine, Viking x2  
  135  9:03  Marine  
  135  9:04  SCV  
  135  9:07  Siege Tank  
  135  9:08  Marine x2  
  141  9:10  Factory Tech Lab  
  141  9:11  Marine  
  141  9:16  Marine  
  143  9:17  Marine x2  
  143  9:20  Planetary Fortress  
  143  9:21  Marine  
  146  9:26  Sensor Tower  
  146  9:27  Marine  
  146  9:28  Marine  
  146  9:29  Marine  
  146  9:30  Missile Turret  
  149  9:32  Medivac x2, Siege Tank  
  149  9:33  Marine  
  149  9:34  SCV  
  149  9:36  SCV  
  149  9:37  SCV  
  160  9:42  Marine x2  
  160  9:45  Siege Tank  
  165  9:46  SCV  
  165  9:48  Refinery  
  165  9:49  Marine x2  
  168  9:57  Marine x2  
  167  10:00  Marine x2  
  167  10:02  SCV  
  167  10:03  Marine x2  
  167  10:05  Liberator x2, SCV  
  167  10:06  Marine  
  174  10:07  Marine  
  161  10:17  Marine  
  131  10:23  Marine x2  
  131  10:25  Siege Tank x2, Marine x2  
  131  10:27  Marine x2  
  149  10:30  SCV  
  149  10:31  Marine x2  
  149  10:35  Marine  
  153  10:36  Unknown  
  153  10:41  Marine x2  
  155  10:43  Marine x2, Terran Infantry Armor Level 3  
  155  10:48  Command Center, Marine  
  158  10:50  Marine  
  158  10:55  Marine  
  160  10:57  Marine x2, Hellion  
  160  10:59  Siege Tank  
  167  11:05  Terran Infantry Weapons Level 3  
  159  11:13  Marine  
  159  11:16  Marine x2  
  159  11:17  Viking x2  
  155  11:20  Starport  
  155  11:22  Marine x3  
  155  11:24  Marine, Starport  
  159  11:29  Marine  
  159  11:32  Marine x2  
  162  11:37  Supply Depot  
  162  11:38  Supply Depot  
  162  11:39  Marine x2  
  164  11:41  Marine  
  164  11:45  Marine  
  165  11:48  Siege Tank x2  
  165  11:49  Viking  
  165  11:53  Marine  
  152  12:04  Marine  
  152  12:06  Marine  
  132  12:09  Viking  
  132  12:10  Starport Reactor, Starport Tech Lab  
  132  12:14  Marine  
  130  12:16  Marine x2  
  130  12:18  Marine  
  130  12:19  Marine  
  130  12:22  Marine x2  
  131  12:23  Siege Tank x2, Marine, Viking  
  131  12:24  Marine  
  131  12:28  SCV  
  142  12:31  Marine  
  142  12:32  Viking  
  142  12:33  SCV x2  
  142  12:34  Marine x2  
  146  12:38  Marine x2  
  146  12:40  Marine x2, Viking  
  146  12:42  Marine x2  
  154  12:49  Marine  
  154  12:51  Viking x2  
  153  12:52  Marine x2  
  153  12:56  Marine  
  153  12:57  Marine  
  152  12:59  Marine  
  152  13:01  Viking  
  152  13:02  Siege Tank, Marine x3  
  152  13:03  SCV  
  152  13:04  SCV  
  156  13:07  Marine, SCV  
  156  13:08  Viking  
  156  13:09  Siege Tank, Liberator  
  156  13:10  Marine  
  156  13:11  Planetary Fortress  
  156  13:12  Marine  
  165  13:13  SCV  
  165  13:14  Sensor Tower  
  157  13:20  Marine x2, Viking  
  157  13:21  Marine  
  157  13:22  Marine  
  157  13:24  Marine  
  159  13:34  Marine x2  
  156  13:36  Viking x2  
  162  13:43  Viking  
  162  13:46  Marine x2  
  162  13:47  Siege Tank  
  162  13:48  Marine x2  
  169  13:55  Orbital Command  
  160  14:05  Supply Depot  
  160  14:06  Supply Depot  
Show
View Real Time Build Order
Export as new Build Order

LiquidTaeJa Terran - Winner!

Build Orders:  

Get SALT Encoding   

  12  0:00  SCV  
  13  0:12  SCV  
  14  0:16  Supply Depot  
  14  0:24  SCV  
  15  0:30  Refinery  
  15  0:38  SCV  
  16  0:43  Barracks  
  16  0:50  SCV  
  16  0:56  Refinery  
  17  1:02  SCV  
  18  1:14  SCV  
  19  1:29  Orbital Command  
  19  1:30  Factory  
  19  1:35  Reaper  
  20  1:45  Supply Depot  
  20  1:55  SCV  
  21  2:07  SCV, Reaper  
  23  2:14  Hellion  
  25  2:19  SCV  
  26  2:24  Command Center  
  26  2:31  SCV  
  26  2:32  Supply Depot  
  29  2:37  Hellion  
  29  2:40  Reaper  
  29  2:43  SCV  
  31  2:51  Starport  
  31  2:55  SCV  
  32  3:02  Factory Tech Lab  
  32  3:07  SCV  
  33  3:14  Barracks Reactor  
  33  3:19  SCV  
  32  3:32  SCV  
  32  3:33  Factory Tech Lab  
  33  3:36  Refinery, Orbital Command  
  33  3:37  Raven  
  35  3:44  SCV  
  36  3:56  Command Center, SCV  
  36  4:00  Cyclone  
  36  4:02  SCV  
  41  4:07  Marine x2  
  41  4:08  SCV  
  44  4:17  Barracks  
  44  4:18  SCV  
  44  4:20  SCV, Raven  
  48  4:27  Supply Depot  
  48  4:29  Marine x2  
  50  4:31  SCV  
  50  4:32  SCV  
  52  4:42  Supply Depot  
  52  4:43  SCV  
  52  4:44  SCV  
  54  4:49  Siege Tank, Marine x2  
  59  4:53  Supply Depot  
  59  4:55  SCV  
  59  4:56  SCV  
  61  5:05  Barracks  
  61  5:10  Orbital Command, SCV x2  
  61  5:11  Starport Reactor  
  61  5:13  Stimpack  
  63  5:14  Marine  
  63  5:17  Marine  
  63  5:19  Marine  
  66  5:22  SCV x2  
  68  5:29  Refinery, Siege Tank  
  71  5:36  SCV x2  
  71  5:41  Engineering Bay  
  71  5:42  Engineering Bay  
  73  5:43  Marine x3  
  73  5:44  Orbital Command  
  73  5:48  SCV x2  
  78  5:51  Medivac  
  78  5:52  Medivac  
  78  5:56  Barracks Reactor  
  82  6:00  SCV x2  
  82  6:01  Marine x3  
  87  6:08  Terran Infantry Weapons Level 1  
  87  6:09  Terran Infantry Armor Level 1  
  87  6:12  Siege Tank, SCV x2  
  87  6:14  SCV  
  87  6:18  Supply Depot  
  93  6:19  Supply Depot  
  93  6:33  Unknown  
  93  6:34  Supply Depot  
  93  6:36  Supply Depot  
  93  6:39  Marine x5, SCV x2  
  101  6:40  SCV  
  101  6:44  Barracks x2  
  101  6:51  Medivac x2  
  101  6:52  SCV x2  
  107  6:55  SCV  
  107  6:59  Marine x5, Combat Shield  
  113  7:04  SCV x2  
  113  7:07  SCV  
  115  7:10  Supply Depot x2  
  115  7:12  Siege Tank, Armory  
  118  7:16  SCV x2  
  118  7:21  Marine x4  
  118  7:22  Marine  
  125  7:31  SCV x3  
  125  7:32  Barracks Reactor x2  
  125  7:33  Supply Depot x2  
  128  7:45  Siege Tank  
  128  7:49  Command Center, Marine x4  
  135  7:51  Marine  
  135  7:55  Viking  
  135  7:56  Viking  
  139  8:06  Marine x2  
  139  8:07  Marine  
  139  8:09  Terran Infantry Armor Level 2, Terran Infantry Weapons Level 2  
  139  8:11  Sensor Tower  
  141  8:12  Marine  
  141  8:13  Marine x3, Supply Depot  
  141  8:15  SCV x2  
  147  8:20  Marine  
  147  8:21  Siege Tank  
  151  8:27  Factory  
  151  8:30  Marine x2  
  151  8:31  Barracks Reactor, Marine x2  
  152  8:48  Marine  
  141  8:50  Terran Vehicle Weapons Level 1  
  141  8:52  SCV x2  
  141  8:53  Siege Tank  
  146  9:00  Marine x5  
  144  9:02  Planetary Fortress  
  144  9:04  SCV x3  
  144  9:05  Marine x2  
  144  9:08  Starport x2  
  144  9:09  Fusion Core  
  149  9:13  Marine x3  
  149  9:16  Siege Tank  
  155  9:18  Marine x2, Viking x2  
  155  9:22  SCV x2  
  155  9:23  SCV  
  164  9:26  Siege Tank  
  164  9:27  Marine x2, Supply Depot  
  164  9:29  Marine x2  
  171  9:34  SCV  
  171  9:35  SCV  
  171  9:38  Refinery, Marine  
  173  9:39  Marine x3  
  173  9:40  Refinery  
  177  9:57  Marine  
  177  9:58  Marine x6  
  184  10:09  Command Center  
  176  10:14  Marine x3  
  176  10:15  Siege Tank  
  176  10:16  Siege Tank, Marine x6  
  176  10:17  Marine  
  88  10:21  Viking x2  
  174  10:22  Starport Reactor  
  174  10:23  Starport Reactor  
  174  10:24  SCV x3  
  174  10:26  Terran Infantry Weapons Level 3  
  174  10:28  Terran Infantry Armor Level 3  
  179  10:32  Marine x2  
  181  10:41  Marine x2  
  183  10:44  Advanced Ballistics, Supply Depot  
  183  10:45  Terran Vehicle Weapons Level 2, Supply Depot  
  183  10:46  Marine  
  183  10:49  Marine x2  
  186  11:00  Missile Turret, Marine x2  
  186  11:02  Marine x2  
  188  11:05  Siege Tank x2, Marine x3  
  188  11:07  Marine  
  188  11:10  Marine  
  186  11:18  Marine x2  
  186  11:20  Marine, Viking x2  
  186  11:21  Viking x2  
  186  11:24  Viking  
  198  11:28  Viking  
  200  11:33  Armory  
  200  11:35  Command Center  
  200  11:40  Command Center  
  200  11:41  Command Center  
  200  11:52  Liberator x2  
  200  11:58  Marine  
  200  11:59  Marine x2  
  200  12:01  Marine x2  
  178  12:03  Marine  
  178  12:04  Marine  
  160  12:08  Viking  
  160  12:09  Viking x2  
  160  12:10  Viking  
  172  12:15  Marine  
  172  12:16  Marine x4  
  172  12:17  Marine  
  172  12:21  Liberator x2  
  172  12:22  Marine x4  
  179  12:25  Liberator  
  179  12:28  SCV x4  
  182  12:33  Marine x3  
  182  12:34  Marine x3  
  185  12:40  Marine x4  
  185  12:43  Liberator  
  198  12:51  Marine x3  
  195  12:52  Marine x2  
  195  12:58  Marine x4  
  197  12:59  Marine  
  197  13:01  Orbital Command x2  
  197  13:03  Planetary Fortress, Liberator x2  
  197  13:04  Liberator  
  199  13:09  Marine x2  
  200  13:16  Marine x2  
  200  13:17  Marine x6  
  190  13:27  Marine  
  197  13:43  Marine  
  197  13:44  Marine x5  
  197  13:46  Command Center, Marine  
  197  13:47  Command Center  
  193  13:59  Marine x2  
  195  14:03  Command Center  
  195  14:07  Sensor Tower  
Tags
 
Add a new tag
Caveats
  • Supply blocks, unpowered buildings, or Contaminate may cause inaccurate times.
  • Supply counts are checked every 10 seconds.